 Dungeon Crawl Stone Soup version 0.30.1-11-g7821555f0a (webtiles) character file.

Game seed: 8499940115474303930

133 Chiseanne the Trooper (level 4, 0/38 HPs)
             Began as a Demonspawn Wanderer on Nov 27, 2023.
             Succumbed to a scorpion's poison
             ... on level 3 of the Dungeon.
             The game lasted 00:04:02 (2089 turns).

Chiseanne the Trooper (Demonspawn Wanderer)         Turns: 2089, Time: 00:04:03

Health: 0/38       AC:  9    Str: 12    XL:     4   Next: 93%
Magic:  5/5        EV: 12    Int: 13    God:
Gold:   159        SH:  0    Dex: 15    Spells: 5/5 levels left

rFire   + + +        a - +2 short sword (flame)
rCold   + + .        (no shield)
rNeg    . . .        l - +1 leather armour of Zarigid {+Blink rF+ Stlth+}
rPois   +            (no helmet)
rElec   +            p - scarf {rC+ rF+}
rCorr   +            h - +0 pair of gloves
SInv    .            (no boots)
Will    .....        (no amulet)
Stlth   ++           c - +4 ring of protection
HPRegen 0.26/turn    (no ring)
MPRegen 0.09/turn

%: no passive effects
@: lethally poisoned (0 -> -18), resistant
A: ignite blood 1
a: Evoke Blink


You were on level 3 of the Dungeon.
You visited 1 branch of the dungeon, and saw 3 of its levels.

You collected 159 gold pieces.

Inventory:

Hand Weapons
 a - a +2 short sword of flaming (weapon)
 j - a +2 rapier
Armour
 h - a +0 pair of gloves (worn)
 l - the +1 leather armour of Zarigid (worn) {+Blink rF+ Stlth+}
   (You found it on level 3 of the Dungeon)

   rF:        It protects you from fire.
   +Blink:    It lets you blink.
   Stlth:     It makes you more stealthy.
 p - a scarf of resistance (worn)
Jewellery
 c - a +4 ring of protection (left hand)
Potions
 b - a potion of attraction
 d - 5 potions of mutation
 g - a potion of ambrosia {unknown}
 i - 4 potions of haste
 k - a potion of berserk rage {unknown}
 n - a potion of heal wounds {unknown}


   Skills:
 * Level 4.8 Fighting
 - Level 1.7 Short Blades
 * Level 2.5 Armour
 * Level 2.6 Dodging
 - Level 1.0 Spellcasting
 - Level 1.0 Earth Magic


You had 5 spell levels left.
You didn't know any spells.
Your spell library contained the following spells:

 Spells                   Type           Power      Damage    Failure   Level
 Sandblast                Erth           6%         2d5       24%         1
 Stone Arrow              Conj/Erth      2%         3d7       65%         3


Dungeon Overview and Level Annotations

Branches:
Dungeon (3/15)

Altars:

Shops:
D:2 [


Innate Abilities, Weirdness & Mutations

Your demonic aura sometimes causes spilled blood to erupt in flames.


Message History

You hit the scorpion. You burn the scorpion.
The scorpion is severely wounded.
The scorpion barely misses you.
You hit the scorpion but do no damage.
The scorpion is severely wounded.
The scorpion stings you.
You barely miss the scorpion. Your punch misses the scorpion.
The scorpion is severely wounded.
The scorpion stings you.
You hit the scorpion. You burn the scorpion.
The scorpion is severely wounded.
The scorpion stings you.
You are poisoned.
The scorpion poisons you!
You hit the scorpion. You burn the scorpion.
You punch the scorpion, but do no damage.
The scorpion is almost dead.
You feel sick. The scorpion stings you.
You are more poisoned.
The scorpion poisons you!
You barely miss the scorpion.
The scorpion is almost dead.
You feel very sick. The scorpion stings you.
You are lethally poisoned!
The scorpion poisons you! The scorpion barely misses you.
You barely miss the scorpion.
The scorpion is almost dead.
* * * LOW HITPOINT WARNING * * *
You feel very sick.
The scorpion stings you but does no damage.
You hit the scorpion but do no damage.
The scorpion is almost dead.
* * * LOW HITPOINT WARNING * * *
You feel very sick.
The scorpion stings you but does no damage.
Okay, then.
It was a potion of resistance.
You feel protected.
You die...

##....#.#..#
##.##...###.)#.###
...####.##.#
#..####...##...# ####
#.##..##.#######.##..##
#.# #..#......).(....##
#.# #....#######..#..#
#.# #....# ##..#.#####
...
#....#########.......#
.##......)).............
.(.(...s@.....#####..####
..###########........# .
#######..## ##..# ####


You could see a scorpion.

Vanquished Creatures
  Jessica (D:3)
  2 adders
  An ufetubus (D:3)
  6 dart slugs
  A ball python (D:1)
  5 bats
  7 endoplasms
  4 giant cockroaches
  10 goblins
  7 hobgoblins
  5 quokkas
  A frilled lizard (D:3)
  9 kobolds
  3 rats
62 creatures vanquished.

Notes
Turn   | Place    | Note
-------+----------+-------------------------------------------
     0 | D:1      | Chiseanne the Demonspawn Wanderer began the quest for the
                  | Orb.
     0 | D:1      | Chiseanne set off with the following items: a +1 rapier, a
                  | potion of attraction, a +0 robe; and the following spell
                  | memorised: Sandblast; and the following spells available to
                  | memorise: Stone Arrow.
     0 | D:1      | Reached XP level 1. HP: 19/19 MP: 2/2
   152 | D:1      | Gained mutation: Your demonic aura sometimes causes spilled
                  | blood to erupt in flames. [demonic ancestry]
   152 | D:1      | Reached XP level 2. HP: 25/25 MP: 3/3
   527 | D:1      | You fall into a shaft and drop 1 floor!
   541 | D:2      | Reached XP level 3. HP: 26/31 MP: 4/4
   575 | D:2      | Found Yqalonn's Antique Armour Shop.
  1222 | D:2      | Reached XP level 4. HP: 35/38 MP: 5/5
  1588 | D:3      | Found a faded altar of an unknown god.
  1709 | D:3      | Identified the +1 leather armour of Zarigid {+Blink rF+
                  | Stlth+}
  2005 | D:3      | Noticed Jessica
  2012 | D:3      | Killed Jessica
  2070 | D:3      | Noticed a scorpion
  2089 | D:3      | Succumbed to a scorpion's poison

Illustrated notes

Levels and vault maps discovered:
D:1:      kennysheep_arrival_forest, layout_basic
D:2:      layout_basic, serial_shops, nicolae_shop_hallway_stairs
D:3:      layout_rooms, hellmonk_ecumenical_altar_slurped_away, uniq_jessica

Skill      XL: |  1  2  3 |
---------------+----------+-----
Dodging        | 2 |  2.6
Armour         | 2 |  2.5
Fighting       | |  4.8
Short Blades   | |  1.7
Spellcasting   | |  1.0
Earth Magic    | |  1.0

Action                     |  1- 3 |  4- 6 || total
---------------------------+-------+-------++-------
  Melee: Rapier            |   108 |    22 ||   130
         Short sword       |       |    44 ||    44
         Punch             |       |     1 ||     1
  Throw: Dart              |       |     5 ||     5
    Use: Scroll            |     6 |     3 ||     9
         Potion            |       |     1 ||     1
   Stab: Sleeping          |     1 |     1 ||     2
 Armour: Robe              |     2 |       ||     2
         Leather armour    |    22 |    25 ||    47
  Dodge: Dodged            |    47 |    35 ||    82
